 Dungeon Crawl Stone Soup version 0.19-a0-1532-g228a5d9 (webtiles) character file.

105 epen the Ducker (level 4, -7/37 HPs)
             Began as a Merfolk Monk on Sept 13, 2016.
             Killed by nerve-wracking pain
             ... invoked by Grinder
              (8 damage)
             ... on level 3 of the Dungeon.
             The game lasted 00:04:48 (2291 turns).

epen the Ducker (Merfolk Monk)                      Turns: 2291, Time: 00:04:49

Health: -7/37      AC:  6    Str: 16    XL:     4   Next: 81%
Magic:  4/4        EV: 14    Int:  9    God:
Gold:   73         SH:  0    Dex: 17    Spells: 0 memorised, 3 levels left

rFire  + . .     SeeInvis .       - Unarmed
rCold  + . .     Gourm    .     j - +0 ring mail
rNeg   . . .     Faith    .     (no shield)
rPois  +         Spirit   .     (no helmet)
rElec  +         Dismiss  .     (no cloak)
rCorr  +         Reflect  .     (no gloves)
MR     .....     Harm     .     c - +0 pair of boots
Stlth  ++........               (no amulet)
                                (no ring)
                                (no ring)

@: mighty, resistant
A: change form in water, swift swim, stealthy swim
a: no special abilities


You were on level 3 of the Dungeon.
You were not hungry.

You visited 1 branch of the dungeon, and saw 3 of its levels.

You collected 73 gold pieces.

Inventory:

Armour
 a - a +0 robe
 c - a +0 pair of boots (worn)
 j - a +0 ring mail (worn)
Wands
 o - a wand of polymorph (0/24)
Scrolls
 e - 4 scrolls of identify {unknown}
 h - 2 scrolls of magic mapping {unknown}
 i - 2 scrolls of teleportation {unknown}
 k - a scroll of remove curse {unknown}
 l - 2 scrolls of random uselessness {unknown}
Comestibles
 b - 2 bread rations
 f - 4 chunks of flesh
 g - 3 meat rations


   Skills:
 + Level 4.1 Fighting
 + Level 5.5 Dodging
 - Level 2.1 Stealth
 + Level 4.2 Unarmed Combat


You had 3 spell levels left.
You didn't know any spells.

Dungeon Overview and Level Annotations

Branches:
Dungeon (3/15)

Altars:

Annotations:
D:3 Grinder


Message History

You feel better.
Grinder says, "You look like you could use a good racking."
Grinder gestures at you.
You suddenly lose the ability to move!
Grinder hits you.
You writhe in agony.
* * * LOW HITPOINT WARNING * * *
Grinder hits you but does no damage. Grinder hits you.
* * * LOW HITPOINT WARNING * * *
You writhe in agony.
* * * LOW HITPOINT WARNING * * *
Grinder blinks! x2
You can move again.
Unknown command.
As you read the scroll labeled XESOIG ZOTE, it crumbles to dust.
It is a scroll of enchant weapon.
You aren't carrying any weapons that can be enchanted.
Grinder gestures at you. Pain shoots through your body!
You die...

#.# #.# #.# .#
#.#### #.# .# #....#
#.# .# ####.# #.# .#
#.# #.# .# ##.#
##.######### .#
##...
#......5...##.######
#....
#..######..§@§......
........ #..#
####.##########
######.# #..# #....#
#.# #..# #.#### #.#
#..# #.# #.. ...#
#.# ## #.# #.#
#.########
#........#


You could see Grinder.

Vanquished Creatures
  Terence (D:2)
  3 adders
  An ooze (D:2)
  A worm (D:2)
  A dart slug (D:1)
  8 bats
  3 giant cockroaches
  A goblin (D:2)
  3 hobgoblins
  7 jackals (D:1)
  A quokka (D:2)
  3 giant newts
  10 kobolds
  3 rats
46 creatures vanquished.

Notes
Turn   | Place    | Note
-------+----------+-------------------------------------------
     0 | D:1      | epen the Merfolk Monk began the quest for the Orb.
     0 | D:1      | Reached XP level 1. HP: 18/18 MP: 1/1
   379 | D:1      | Reached XP level 2. HP: 24/24 MP: 2/2
   805 | D:1      | Reached XP level 3. HP: 28/29 MP: 3/3
   962 | D:2      | Reached skill level 5 in Dodging
  1768 | D:2      | Noticed Terence
  1778 | D:2      | Killed Terence
  1778 | D:2      | Reached XP level 4. HP: 37/37 MP: 4/4
  2268 | D:3      | Noticed Grinder
  2269 | D:3      | gello
  2269 | D:3      | i am pepen
  2269 | D:3      | pepen of jaqridos
  2275 | D:3      | Paralysed by Grinder for 6 turns
  2285 | D:3      | Paralysed by Grinder for 6 turns
  2288 | D:3      | HP: 1/37 [Grinder (6)]
  2291 | D:3      | Killed from afar by Grinder

Vault maps used:
D:1:      eino_arrival_tree_alley
D:2:      uniq_terence
D:3:      minmay_roachtagon, xom_teletrap_fun, uniq_iyjb, uniq_grinder,
          uniq_robin

Skill      XL: |  1  2  3 |
---------------+----------+-----
Dodging        | 5 |  5.5
Fighting       | 4 |  4.1
Unarmed Combat | 4 |  4.2
Stealth        | |  2.1

Action                   |  1- 3 |  4- 6 || total
-------------------------+-------+-------++-------
Melee: Unarmed           |   133 |    49 ||   182
       Punch             |     3 |     1 ||     4
Evoke: Wand              |       |     3 ||     3
  Use: Potion            |       |     4 ||     4
       Scroll            |       |     1 ||     1
 Stab: Sleeping          |     4 |       ||     4
  Eat: Chunk             |     2 |     2 ||     4
Armor: Robe              |     8 |       ||     8
       Ring mail         |    49 |    18 ||    67
       Skin              |       |     8 ||     8
Dodge: Dodged            |    98 |    23 ||   121
